 Dungeon Crawl Stone Soup version 0.21.1-1-g345015f (webtiles) character file.

54 LairdRich the Sneak (level 3, -2/16 HPs)
             Began as a Spriggan Enchanter on June 22, 2018.
             Slain by a hobgoblin
             ... wielding a +0 club
              (4 damage)
             ... on level 2 of the Dungeon.
             The game lasted 00:08:58 (1575 turns).

LairdRich the Sneak (Spriggan Enchanter)            Turns: 1575, Time: 00:08:59

Health: -2/16      AC:  2    Str:  4    XL:     3   Next: 66%
Magic:  8/8        EV: 19    Int: 17    God:
Gold:   43         SH:  0    Dex: 16    Spells: 4/7 levels left

rFire    . . .     SeeInvis +   f - -2 dagger (curse)
rCold    . . .     Gourm    .   (shield restricted)
rNeg     . . .     Faith    .   d - +0 robe
rPois    .         Spirit   .   (helmet restricted)
rElec    .         Reflect  .   g - scarf {cloud immunity}
rCorr    .         Harm     .   (gloves unavailable)
MR       .....                  (boots unavailable)
Stlth    +++.......             (no amulet)
HPRegen  0.05/turn              (no ring)
MPRegen  0.11/turn              (no ring)

@: very quick
A: very small, unfitting armour, see invisible, herbivore, speed 3, slow
metabolism 2
a: no special abilities


You were on level 2 of the Dungeon.
You were not hungry.

You visited 1 branch of the dungeon, and saw 2 of its levels.

You collected 43 gold pieces.

Inventory:

Hand Weapons
 a - a +1 dagger
 f - a cursed -2 dagger (weapon)
Armour
 d - a +0 robe (worn)
 g - a scarf of cloud immunity (worn)
Scrolls
 h - a scroll of magic mapping {unknown}
 j - a scroll of blinking {unknown}
Potions
 b - a potion of haste
 i - a potion of resistance {unknown}
Books
 c - a book of Maledictions

   Spells                             Type                      Level
   a - Corona                         Hexes                        1
   b - Ensorcelled Hibernation        Hexes/Ice                    2
   c - Confuse                        Hexes                        3
   d - Tukima's Dance                 Hexes                        3
   e - Dazzling Spray                 Conjuration/Hexes            3
Comestibles
 e - 2 rations


   Skills:
 + Level 1.9 Short Blades
 + Level 3.5 Dodging
 * Level 5.4 Stealth
 - Level 2.6 Spellcasting
 * Level 4.4 Hexes


You had 4 spell levels left.
You knew the following spells:

 Your Spells              Type           Power        Failure   Level  Hunger
a - Corona                Hex            ###....      3%          1    #......
b - Ensorcelled Hibernat  Hex/Ice        #.....       11%         2    ##.....


Dungeon Overview and Level Annotations

Branches:
Dungeon (2/15)

Altars:
Uskayaw


Innate Abilities, Weirdness & Mutations

You are very small and have problems with some larger weapons.
You are too small for most types of armour.
You have supernaturally acute eyesight. (SInv)
You are a herbivore.
You cover ground extremely quickly.
You need consume almost no food.


Message History

The hobgoblin is severely wounded.
The hobgoblin misses you. The jackal misses you. The jackal barely misses you.
You hit the hobgoblin but do no damage.
The hobgoblin is severely wounded.
The jackal misses you. The hobgoblin completely misses you.
The jackal bites you.
You hit the hobgoblin but do no damage.
The hobgoblin is severely wounded.
The jackal misses you. The jackal closely misses you.
The hobgoblin closely misses you. The jackal bites you.
* * * LOW HITPOINT WARNING * * *
You closely miss the hobgoblin.
The hobgoblin is severely wounded.
The jackal closely misses you. The jackal misses you.
The hobgoblin completely misses you. The jackal barely misses you.
You hit the hobgoblin.
The hobgoblin is almost dead.
The jackal misses you. The jackal closely misses you.
The hobgoblin hits you with a club.
You die...

#.......# #.# #....##.#
#.#######
#....##.####.......#
##.####.........##.#
#.# ##.....##.##.# #.#
#.#...##.##.# #.#
#.#...##.##.#
#.#####.#......##.#
#h@g..............#
#....h#####.###########
#..._.h. #.# .......h
#.# ..#####.. ..#
..#.((#.. ..#...#..#
#.#####


You could see 2 dancing weapons, 3 jackals and a hobgoblin.

Vanquished Creatures
  4 oozes (D:1)
  2 dart slugs (D:1)
  2 bats (D:1)
  A giant cockroach (D:1)
  7 goblins
  3 hobgoblins (D:1)
  A jackal (D:2)
  A quokka (D:2)
  2 frilled lizards
  4 kobolds (D:1)
  4 rats
31 creatures vanquished.

Notes
Turn   | Place    | Note
-------+----------+-------------------------------------------
     0 | D:1      | LairdRich the Spriggan Enchanter began the quest for the Orb.
     0 | D:1      | Reached XP level 1. HP: 9/9 MP: 5/5
    52 | D:1      | Reached XP level 2. HP: 13/13 MP: 6/6
    56 | D:1      | Learned a level 2 spell: Ensorcelled Hibernation
    63 | D:1      | Reached skill level 5 in Stealth
   295 | D:1      | Reached XP level 3. HP: 16/16 MP: 2/8
  1560 | D:2      | Noticed a hand axe
  1561 | D:2      | Found a hide-covered altar of Uskayaw.
  1561 | D:2      | Noticed a dagger
  1575 | D:2      | Slain by a hobgoblin

Skill      XL: |  1  2 |
---------------+-------+-----
Stealth        | 5 |  5.4
Hexes          | 4 |  4.4
Short Blades   | |  1.9
Dodging        | |  3.5
Spellcasting   | |  2.6

Action                   || total
-------------------------++-------
Melee: Dagger            ||    64
 Cast: Corona            ||     1
       Ensorcelled Hiber ||    30
  Use: Scroll            ||     2
 Stab: Sleeping          ||    26
Armor: Robe              ||     5
Dodge: Dodged            ||    50
